Sam, lawful female human Valkyrie -------- |.......###### ----------- ##.......| # |.........| |......| ### |.........| |......-# # |.........+# --------# ## |..<......|# # ###### |.........|% # # # .......| ---------.-# # #`## .. ## ............| ###########%#######%#### ... # ------------ ## # #-----.- ---- a # # #|.....e%%#################%@# ### # ##|.....| # --|-- #......| ##....| ------- |...| |..>| ----- Sam the Fighter Experience level: 6 Strength: 18/04 Dexterity: 11 Constitution: 17 Intelligence: 9 Wisdom: 10 Charisma: 7 Health: 0(60) Energy: 17(17) Def: 9 Gold: 978 Moves: 1689 Dungeon seed: HUaX2Edk1DZMA-2G Game ID: Sam_1523533603 Your Inventory: Coins $ - 978 gold pieces Weapons a - a +1 long sword (weapon in hand) b - a +0 dagger o - 5 +0 shuriken Armor e - an uncursed +3 small shield (being worn) n - an uncursed +1 scale mail (being worn) q - an uncursed +0 orcish cloak (being worn) Comestibles h - 2 uncursed cloves of garlic m - 2 uncursed tripe rations Scrolls d - an uncursed scroll of identify l - a cursed scroll of magic mapping Potions i - a blessed potion of object detection r - a blessed potion of healing Wands j - a wand of speed monster (0:5) k - a wand of sleep (0:6) p - a wand of light (0:11) Spells and supernatural/magical abilities: Name Level Category Fail Memory W - pray for help -- divine ? -- Your skills at the end: Fighting Skills Weapon Skills dagger [Basic] long sword [Basic] Spellcasting Skills Final Attributes: You were piously aligned. You were cold resistant. You were stealthy. You are dead. Vanquished creatures: a fog cloud a floating eye a rothe a rabid rat 15 killer bees a gas spore a hobgoblin a cave spider a brown mold 2 red molds a gnome 2 geckos 4 jackals a fox 3 kobolds a grid bug 2 bats 6 lichens 2 newts 47 creatures vanquished. Voluntary challenges: You followed a strict vegan diet. You used a wielded weapon 46 times, starting on turn 59. You were illiterate. You never genocided any monsters. You never polymorphed an object. You never changed form. You used no wishes. You never split a pudding. You never wrote Elbereth's name. You never violated your personal moral code. Dungeon overview: The Dungeons of Doom: levels 1 to 6 Level 1 a sink a long staircase Level 2 a fountain Level 3 a fountain, a sink a long staircase Level 4 Level 5 Level 6 <- You were here History has recorded: On T:1 you entered the Dungeons of Doom to retrieve the Amulet of Yendor! On T:296 you advanced to experience level 2. On T:407 you reached level 2 of The Dungeons of Doom. On T:727 you reached level 3 of The Dungeons of Doom. On T:891 you advanced to experience level 3. On T:957 you reached level 4 of The Dungeons of Doom. On T:1168 you advanced to experience level 4. On T:1190 you reached level 5 of The Dungeons of Doom. On T:1383 you reached level 6 of The Dungeons of Doom. On T:1487 you advanced to experience level 5. On T:1542 you advanced to experience level 6. Score breakdown: Gold: 978 (10173 points) Experience: 6 levels (12456 points) Exploration: 6 levels ( 11.32%) ( 9302 points) Discoveries: 1 item ( 0.41%) ( 1912 points) Valuables value: (no points given unless you survive) Artifact value: 0 ( 0 points) Variety of kills: 19 monsters ( 4.99%) ( 6699 points) Turncount: 1689 turns ( 0 points) Survival: died (score multiplied by 80%) Total score: 32433 Latest messages: You miss the killer bee. The killer bee stings! The killer bee misses. You miss the killer bee. The killer bee stings! You kill the killer bee! The killer bee misses. The killer bee stings! You see here a killer bee corpse. The killer bee stings! The killer bee misses. The killer bee stings! (2x) You miss the killer bee. The killer bee stings! You miss the killer bee. The killer bee misses. (2x) You miss the killer bee. The killer bee misses. You kill the killer bee! You see here a killer bee corpse. The giant beetle bites! You die... Final status: Farvel Sam the Valkyrie, killed by a giant beetle... You died in The Dungeons of Doom on dungeon level 6 with 32433 points, and 978 pieces of gold, after 1689 moves. You were level 6 with a maximum of 60 hit points when you died.